 Dungeon Crawl Stone Soup version 0.28.0 (webtiles) character file.

Game seed: 15412654952678240749

3498 Crownlay the Thaumaturge (level 9, -4/79 HPs)
             Began as a Black Draconian Conjurer on Feb 17, 2022.
             Slain by an eight-headed hydra (6 damage)
             ... on level 8 of the Dungeon.
             The game lasted 00:15:26 (7721 turns).

Crownlay the Thaumaturge (Black Draconian Conjurer) Turns: 7721, Time: 00:15:27

Health: -4/79      AC: 11    Str: 10    XL:     9   Next: 80%
Magic:  17/22      EV: 12    Int: 30    God:
Gold:   462        SH:  0    Dex: 15    Spells: 19/26 levels left

rFire   + . .      SeeInvis +   f - +11 battleaxe of Gyuwytra {speed, *Rage Int+2 SInv}
rCold   . . .      Faith    .   (shield currently unavailable)
rNeg    . . .      Spirit   .   (armour unavailable)
rPois   .          Reflect  .   (helmet restricted)
rElec   +          Harm     .   d - +0 cloak
rCorr   .          Rampage  .   a - +0 pair of gloves
Will    .....      Rage     20% k - +1 pair of boots of Dithmenos's Hatred {Dex+5 SInv}
Stlth   ++........              u - amulet of magic regeneration
HPRegen 0.23/turn               c - +6 ring of intelligence
MPRegen 0.58/turn               j - ring of protection from fire

@: no status effects
A: breathe lightning, AC +7, unfitting armour, electricity resistance,
cold-blooded
a: Breathe Lightning


You were on level 8 of the Dungeon.
You visited 1 branch of the dungeon, and saw 8 of its levels.

You collected 462 gold pieces.

Inventory:

Hand Weapons
 f - the +11 battleaxe of Gyuwytra (weapon) {speed, *Rage Int+2 SInv}
   (You found it on level 2 of the Dungeon)

   Attacks with this weapon are significantly faster.
   Int:       It affects your intelligence (+2).
   SInv:      It lets you see invisible.
   *Rage:     It berserks you when you make melee attacks (+20% chance).
Armour
 a - a +0 pair of gloves (worn)
 d - a +0 cloak (worn)
 k - the +1 pair of boots of Dithmenos's Hatred (worn) {Dex+5 SInv}
   (You found it on level 4 of the Dungeon)

   Dex:       It affects your dexterity (+5).
   SInv:      It lets you see invisible.
 D - a +2 kite shield
Magical Staves
 y - a staff of conjuration
Jewellery
 c - a +6 ring of intelligence (left hand)
 j - a ring of protection from fire (right hand)
 s - a ring of fire
 u - an amulet of magic regeneration (around neck)
 C - a +4 ring of evasion
Wands
 m - a wand of iceblast (6)
 r - a wand of flame (17)
Scrolls
 g - 2 scrolls of identify
 i - 3 scrolls of fog
 l - 5 scrolls of teleportation
 n - a scroll of brand weapon
 p - 2 scrolls of magic mapping {unknown}
 q - 3 scrolls of blinking
 t - a scroll of noise {unknown}
 w - a scroll of enchant armour {unknown}
 B - a scroll of silence {unknown}
Potions
 b - a potion of ambrosia {unknown}
 e - 3 potions of heal wounds
 h - a potion of degeneration {unknown}
 o - a potion of invisibility {unknown}
 v - a potion of might {unknown}
 x - a potion of mutation {unknown}
 z - 2 potions of curing
 A - a potion of flight {unknown}


   Skills:
 + Level 7.2 Fighting
 + Level 3.6 Axes
 - Level 1.7 Dodging
 - Level 1.7 Stealth
 * Level 9.1 Spellcasting
 + Level 7.8 Conjurations


You had 19 spell levels left.
You knew the following spells:

 Your Spells              Type           Power      Damage    Failure   Level
a - Magic Dart            Conj           100%       1d8       1%          1
b - Searing Ray           Conj           100%       2d8       1%          2
c - Fulminant Prism       Conj/Hex       18%        3d11      8%          4

Your spell library contained the following spells:

 Spells                   Type           Power      Damage    Failure   Level
 Dazzling Flash           Conj/Hex       74%        N/A       2%          3
 Animate Skeleton         Necr           26%        N/A       3%          1
 Apportation              Tloc           26%        N/A       3%          1
 Pain                     Necr           52%        1d6       3%          1
 Iskenderun's Mystic Bla  Conj/Tloc      37%        2d9       8%          4
 Ozocubu's Armour         Ice            13%        N/A       12%         3
 Vampiric Draining        Necr           13%        2d6       12%         3
 Alistair's Intoxication  Tmut/Pois      8%         N/A       71%         5
 Metabolic Englaciation   Hex/Ice        6%         N/A       71%         5
 Simulacrum               Ice/Necr       6%         N/A       99%         6


Dungeon Overview and Level Annotations

Branches:
Dungeon (8/15)             Temple (0/1) D:5
   Lair: D:8-11

Altars:
The Shining One
Beogh


Innate Abilities, Weirdness & Mutations

You can breathe wild blasts of lightning.
Your glossy black scales are hard. (AC +7)
You cannot fit into any form of body armour.
You are resistant to electric shocks. (rElec)
You are cold-blooded and may be slowed by cold attacks.


Message History

The eight-headed hydra bites you but does no damage.
The eight-headed hydra barely misses you. x2
The eight-headed hydra bites you but does no damage.
The eight-headed hydra closely misses you.
The eight-headed hydra barely misses you.
The eight-headed hydra closely misses you.
The eight-headed hydra bites you but does no damage. x3
The eight-headed hydra barely misses you.
The eight-headed hydra bites you! x2
The eight-headed hydra barely misses you.
The eight-headed hydra bites you.
Casting: Searing Ray (safe; 1% risk of failure)
Confirm with . or Enter, or press ? or * to list all spells.
Aiming: Searing Ray (safe; 1% risk of failure)
Press: ? - help, Shift-Dir - straight line, f/p - eight-headed hydra
Aim: an eight-headed hydra (severely wounded, 94% to hit)
The searing ray hits the eight-headed hydra.
The eight-headed hydra is severely wounded. (Press . to maintain the ray.)
The eight-headed hydra bites you!
The eight-headed hydra bites you but does no damage.
The eight-headed hydra bites you. The eight-headed hydra bites you!
The eight-headed hydra bites you but does no damage.
The eight-headed hydra bites you!
* * * LOW HITPOINT WARNING * * *
The eight-headed hydra bites you!
* * * LOW HITPOINT WARNING * * *
The eight-headed hydra closely misses you.
The searing ray hits the eight-headed hydra!
The eight-headed hydra is almost dead.
The eight-headed hydra barely misses you.
The eight-headed hydra bites you but does no damage.
The eight-headed hydra bites you!
* * * LOW HITPOINT WARNING * * *
The eight-headed hydra barely misses you. x2
The eight-headed hydra closely misses you.
The eight-headed hydra bites you.
* * * LOW HITPOINT WARNING * * *
The eight-headed hydra bites you.
You die...

#.# #.# #.# #.# ##.##
... .. .# #D# ... .#
#@# ..## #.# #.# _..#
#.#.##.#
#.#####.#.##.#########
#....##.#.##.........#
#....##.#.##########.#
+...))..#.####### #.#
#....#).........####.#
#....#.)........+....#


You could see an eight-headed hydra.

Vanquished Creatures
  Grinder (D:4)
  Eustachio (D:5)
  2 steam dragons (D:8)
  Menkaure (D:4)
  3 sky beasts
  3 orc warriors
  An ice beast (D:6)
  A necrophage (D:5)
  3 ogres
  A centaur (D:5)
  A phantom (D:4)
  A kobold brigand (D:5)
  3 bullfrogs
  3 scorpions
  A gnoll sergeant (D:6)
  A wyvern skeleton (D:7)
  A lava snake (D:7)
  A centaur zombie (D:8)
  A hound (D:6)
  2 gnoll shamans
  Crazy Yiuf (D:2)
  6 orc priests
  A centaur skeleton (D:5)
  A bullfrog skeleton (D:7)
  4 iguanas
  5 orc wizards
  A killer bee zombie (D:7)
  2 hound skeletons
  12 adders
  12 gnolls
  A howler monkey skeleton (D:5)
  A shadow imp (D:6)
  2 white imps
  5 worms
  A dart slug (D:1)
  42 orcs
  11 ball pythons
  2 bats
  5 endoplasms
  3 giant cockroaches
  13 hobgoblins
  4 jackals (D:2)
  4 quokkas
  3 frilled lizards
  11 goblins
  A jackal skeleton (D:3)
  4 kobolds
  3 rats
193 creatures vanquished.

Vanquished Creatures (others)
  19 fungi (D:5)
19 creatures vanquished.

Grand Total: 212 creatures vanquished

Notes
Turn   | Place    | Note
-------+----------+-------------------------------------------
     0 | D:1      | Crownlay the Draconian Conjurer began the quest for the
                  | Orb.
     0 | D:1      | Reached XP level 1. HP: 14/14 MP: 3/3
   236 | D:1      | Found a faded altar of an unknown god.
   275 | D:1      | Reached XP level 2. HP: 22/22 MP: 0/5
   487 | D:1      | Reached skill level 1 in Fighting
   507 | D:1      | Learned a level 2 spell: Searing Ray
  1122 | D:2      | Reached XP level 3. HP: 28/28 MP: 0/7
  1134 | D:2      | Reached skill level 3 in Spellcasting
  1656 | D:2      | Identified the +11 battleaxe of Gyuwytra {speed, *Rage
                  | Int+2 SInv}
  1764 | D:2      | Reached XP level 4. HP: 32/36 MP: 4/8
  2181 | D:2      | Found a runed translucent door.
  2182 | D:2      | Noticed Crazy Yiuf
  2191 | D:2      | Killed Crazy Yiuf
  2835 | D:3      | Reached XP level 5. HP: 42/42 MP: 2/10
  3504 | D:4      | Noticed a phantom
  3509 | D:4      | Killed a phantom
  3510 | D:4      | Reached skill level 4 in Spellcasting
  3511 | D:4      | Identified the +1 pair of boots of Dithmenos's Hatred
                  | {Dex+5 SInv}
  3636 | D:4      | Noticed Menkaure
  3649 | D:4      | Killed Menkaure
  3650 | D:4      | Reached skill level 5 in Conjurations
  3650 | D:4      | Reached XP level 6. HP: 37/51 MP: 3/13
  3808 | D:4      | Reached skill level 5 in Spellcasting
  4126 | D:4      | Noticed Grinder
  4138 | D:4      | Killed Grinder
  4139 | D:4      | Your scales start taking on a glossy black colour.
  4139 | D:4      | Reached XP level 7. HP: 59/59 MP: 0/15
  4139 | D:4      | Gained mutation: You are resistant to electric shocks.
                  | (rElec) [Black Draconian growth]
  4359 | D:5      | Entered Level 5 of the Dungeon
  4387 | D:5      | Noticed Eustachio
  4400 | D:5      | Killed Eustachio
  4500 | D:5      | Reached skill level 6 in Spellcasting
  4706 | D:5      | Found a staircase to the Ecumenical Temple.
  5149 | D:5      | Reached XP level 8. HP: 50/67 MP: 13/17
  5152 | D:5      | Reached skill level 5 in Fighting
  5297 | D:5      | Reached skill level 7 in Spellcasting
  5742 | D:6      | Learned a level 4 spell: Fulminant Prism
  5888 | D:6      | Reached skill level 1 in Axes
  6088 | D:6      | Reached XP level 9. HP: 64/75 MP: 16/20
  6208 | D:6      | Reached skill level 8 in Spellcasting
  7059 | D:7      | HP: 1/78 [orc warrior (8)]
  7371 | D:7      | Found a glowing golden altar of the Shining One.
  7483 | D:8      | Reached skill level 9 in Spellcasting
  7712 | D:8      | Noticed an eight-headed hydra
  7721 | D:8      | HP: 3/79 [eight-headed hydra (8)]
  7721 | D:8      | Slain by an eight-headed hydra

Illustrated notes

Levels and vault maps discovered:
D:1:      lightli_arrival_farm, layout_basic, dreamdust_ecumenical_altar_grove,
          kennysheep_nondescript, chequers_serial_rivers_micro_d
D:2:      layout_basic, uniq_crazy_yiuf_cottage
D:3:      layout_basic
D:4:      layout_rooms, minmay_joined_circles, uniq_menkaure, uniq_grinder
D:5:      minmay_chambers_of_threes, layout_loops_corners,
          minmay_temple_entry_from_below_a, serial_aquarium,
          aquarium_bridge_straight [aquarium_subvault_bridge,
          aquarium_subvault_balcony, aquarium_subvault_bridge,
          aquarium_subvault_balcony], aquarium_bridge_long_separate
          [aquarium_subvault_bridge, aquarium_subvault_bridge,
          aquarium_subvault_bridge, aquarium_subvault_bridge,
          aquarium_subvault_bridge, aquarium_subvault_window],
          aquarium_window_corridor_3, aquarium_window_1, aquarium_view_2e,
          aquarium_balcony_3a, uniq_eustachio
D:6:      layout_cave_pools
D:7:      layout_gridville, tso_altar, kennysheep_cross_bottleneck
D:8:      layout_basic, special_room [special_room_orc]

Skill      XL: |  1  2  3  4  5  6  7  8  9 |
---------------+----------------------------+-----
Fighting       | 1 2 3 4 6 7 |  7.2
Spellcasting   | 3 4 5 6 7 9 |  9.1
Conjurations   | 5 6 7 |  7.8
Axes           | 1 3 |  3.6
Dodging        | |  1.7
Stealth        | |  1.7

Action                   |  1- 3 |  4- 6 |  7- 9 || total
-------------------------+-------+-------+-------++-------
Melee: Unarmed           |    16 |       |       ||    16
       Tailslap          |     2 |     3 |     9 ||    14
       Long sword        |    29 |       |       ||    29
       Punch             |     2 |       |       ||     2
       Battleaxe         |       |    40 |    74 ||   114
 Cast: Magic Dart        |    54 |    50 |   167 ||   271
       Searing Ray       |     2 |     7 |    33 ||    42
  Use: Scroll            |       |       |     5 ||     5
       Potion            |       |       |     1 ||     1
 Stab: Sleeping          |       |     1 |       ||     1
Armor: Skin              |    31 |     8 |    53 ||    92
Dodge: Dodged            |    34 |    31 |   100 ||   165
